 Dungeon Crawl Stone Soup version 0.31-a0-1074-g0b22e4e0f1 (webtiles) character file.

Game seed: 9373460341510734500

17 lunkers the Insei (level 3, 0/28 HPs)
             Began as a Meteoran Shapeshifter on Nov 28, 2023.
             Slain by a kobold
             ... wielding a +0 short sword
              (3 damage)
             ... on level 1 of the Dungeon.
             The game lasted 00:00:19 (118 turns).

lunkers the Insei (Meteoran Shapeshifter)            Turns: 118, Time: 00:00:20

Health: 0/28       AC:  2    Str: 15    XL:     3   Next: 2%
Magic:  4/4        EV: 12    Int: 12    God:
Gold:   27         SH:  0    Dex: 15    Spells: 2/2 levels left

rFire   . .          .
                       - Unarmed
rCold   . . .        (no shield)
rNeg    . . .        a - +0 animal skin
rPois   .            (helmet currently unavailable)
rElec   .            (cloak currently unavailable)
rCorr   .            (gloves currently unavailable)
SInv    .            (boots currently unavailable)
Will    .....        (no amulet)
Stlth   +            f - ring of flight
HPRegen 0.24/turn    (no ring)
MPRegen 0.09/turn

%: no passive effects
@: beast-form, flying, glowing
A: beast (slay +2), sense surroundings 1, otherworldly, glowing, explore regen
a: Begin Untransformation


You were on level 1 of the Dungeon.
You were a hulking beast.
You visited 1 branch of the dungeon, and saw 1 of its levels.

You collected 27 gold pieces.

Inventory:

Armour
 a - a +0 animal skin (worn)
Jewellery
 f - a ring of flight (left hand)
Talismans
 c - a beast talisman
 d - a flux talisman
Scrolls
 e - a scroll of enchant weapon {unknown}
Potions
 b - a potion of lignification
 g - a potion of might {unknown}


   Skills:
 - Level 1.1 Fighting
 - Level 2.1 Dodging
 * Level 4.3 Unarmed Combat
 + Level 3.9 Shapeshifting


You had 2 spell levels left.
You didn't know any spells.
Your spell library was empty.

Dungeon Overview and Level Annotations

Branches:
Dungeon (1/15) Zot: 482

Altars:

Shops:
D:1 [


Innate Abilities, Weirdness & Mutations

You are a hulking beast.
Your limbs bulge with bestial killing power. (Slay +2)
You passively map a small area around you.
You are easily found by Zot.
You glow in the dark.
You regain HP and MP as you explore.


Message History

* * * LOW HITPOINT WARNING * * *
You barely miss the gnoll.
The gnoll is heavily wounded.
The gnoll barely misses you. The kobold barely misses you.
Unknown command.
You hit the gnoll.
The gnoll is almost dead.
The kobold hits you with a +0 club.
* * * LOW HITPOINT WARNING * * *
The gnoll closely misses you. The kobold closely misses you.
You hit the gnoll.
The gnoll is almost dead.
The gnoll barely misses you. The kobold completely misses you.
A kobold comes into view. It is wielding a +0 dagger.
The kobold closely misses you.
Unknown command.
The kobold shouts!
You hit the gnoll but do no damage. Your punch misses the gnoll.
The gnoll is almost dead.
The kobold hits you but does no damage. The gnoll closely misses you.
The kobold closely misses you.
Unknown command.
You punch the gnoll!
You kill the gnoll!
The kobold barely misses you. The kobold closely misses you.
Unknown command.
You hit the kobold.
You kill the kobold!
The kobold throws a stone.
The stone closely misses you. The kobold closely misses you.
You have reached level 3!
Your experience leads to an increase in your attributes!
Increase (S)trength, (I)ntelligence, or (D)exterity?
You feel agile. x2; You feel clever.
You barely miss the kobold.
The kobold hits you with a +0 short sword.
* * * LOW HITPOINT WARNING * * *
You closely miss the kobold.
The kobold hits you with a +0 short sword.
You die...

, , , ......>....# * ,
#........$.* * #..
#........# * #..
##........## . * #.#
#.....K....# .*####.#
#...(..[...# .##....#
#....∩K..^.# .......#
#....†hK...# ≈≈≈≈≈≈.#
#..........#
.....≈.#####........##
.........#
##........##
...≈≈≈≈≈.# ########..#
...≈>..≈.# ##.#
.....≈.≈.######## ##.#
.≈≈≈≈≈.≈........# #..#
.≈.....≈........# #.##


You could see 3 kobolds.

Vanquished Creatures
  A gnoll (D:1)
  A dart slug (D:1)
  2 hobgoblins (D:1)
  2 kobolds (D:1)
6 creatures vanquished.

Notes
Turn   | Place    | Note
-------+----------+-------------------------------------------
     0 | D:1      | lunkers the Meteoran Shapeshifter began the quest for the
                  | Orb.
     0 | D:1      | Reached XP level 1. HP: 16/16 MP: 2/2
    98 | D:1      | Found Oge Etua's Armour Boutique.
   109 | D:1      | Reached skill level 4 in Unarmed Combat
   109 | D:1      | Reached XP level 2. HP: 9/23 MP: 3/3
   117 | D:1      | Reached XP level 3. HP: 6/28 MP: 4/4
   118 | D:1      | Slain by a kobold

Illustrated notes

Levels and vault maps discovered:
D:1:      ebering_trefoil_twist, layout_rooms, serial_shops, shop,
          minmay_tromino_mix6

Skill      XL: |  1 |
---------------+----+-----
Unarmed Combat | 4 |  4.3
Fighting       | |  1.1
Dodging        | |  2.1
Shapeshifting  | |  3.9

Action                     || total
---------------------------++-------
  Melee: Unarmed           ||    17
         Punch             ||     1
 Armour: Animal skin       ||     9
  Dodge: Dodged            ||    21

Table legend: (Time is in decaauts)
 A = Elapsed time spent in this place.
 B = Non-inter-level travel time spent in this place.
 C = Inter-level travel time spent in this place.
 D = Time resting spent in this place.
 E = Time spent auto-exploring this place.
 F = Levels seen in this place.
 G = Mean time per level.
                   A        B        C        D        E       F      G
               +--------+--------+--------+--------+--------+-----+--------+
         Total |    116 |    116 |      0 |      0 |     78 |   1 |  116.0 |
       Dungeon |    116 |    116 |      0 |      0 |     78 |   1 |  116.0 |
               +--------+--------+--------+--------+--------+-----+--------+

Top non-repeatable levels by time:
     D:1: 116 daAuts
